 Dungeon Crawl Stone Soup version 0.26-a0-712-ga5a9c9c9d0 (webtiles) character file.

Game seed: 10125499734526184379

377 kae the Insei (level 6, -3/36 HPs)
             Began as a Tengu Transmuter on Nov 12, 2020.
             Killed from afar by a white imp (11 damage)
             ... with a puff of frost
             ... on level 4 of the Dungeon.
             The game lasted 00:02:45 (3871 turns).

kae the Insei (Tengu Transmuter)                    Turns: 3871, Time: 00:02:46

Health: -3/36      AC:  2    Str: 12    XL:     6   Next: 73%
Magic:  10/10      EV: 13    Int: 14    God:
Gold:   113        SH:  0    Dex: 14    Spells: 5/9 levels left

rFire    + . .     SeeInvis .     - Unarmed
rCold    . . .     Faith    .   (no shield)
rNeg     . . .     Spirit   .   a - +0 robe
rPois    .         Reflect  .   (helmet currently unavailable)
rElec    .         Harm     .   (no cloak)
rCorr    .         Rampage  .   (no gloves)
MR       .....                  (boots unavailable)
Stlth    ++........             c - amulet of inaccuracy (curse)
HPRegen  0.12/turn              d - ring of stealth
MPRegen  0.12/turn              e - ring of protection from fire

@: appendages
A: beak, horns 2, talons 3, able to fly
a: Fly, End Transformation


You were on level 4 of the Dungeon.
You had grown temporary horns.
You visited 1 branch of the dungeon, and saw 4 of its levels.

You collected 113 gold pieces.

Inventory:

Armour
 a - a +0 robe (worn)
Jewellery
 c - a cursed amulet of inaccuracy (around neck)
 d - a ring of stealth (left hand)
 e - a ring of protection from fire (right hand)
Scrolls
 b - a scroll of fear {unknown}
 i - 2 scrolls of teleportation {unknown}
 m - a scroll of identify {unknown}
Potions
 h - a potion of heal wounds {unknown}
 j - 3 potions of degeneration {unknown}
 k - 2 potions of mutation {unknown}
 l - a potion of curing {unknown}


   Skills:
 + Level 2.8 Fighting
 + Level 3.5 Dodging
 * Level 5.3 Unarmed Combat
 - Level 2.0 Spellcasting
 * Level 3.5 Transmutations


You had 5 spell levels left.
You knew the following spells:

 Your Spells              Type           Power        Failure   Level
a - Beastly Appendage     Tmut           ##....       5%          1
b - Spider Form           Tmut/Pois      #.........   34%         3

Your spell library contained the following spells:

 Spells                   Type           Power        Failure   Level
 Wereblood                Tmut           ##......     9%          2
 Ice Form                 Ice/Tmut       #.......     75%         4
 Blade Hands              Tmut           ##........   83%         5


Dungeon Overview and Level Annotations

Branches:
Dungeon (4/15)
 Temple: D:4-7

Altars:

Annotations:
D:3 1 runed translucent door, Crazy Yiuf


Innate Abilities, Weirdness & Mutations

You have a beak for a mouth.
You have claws for feet.
You can fly continuously.
You have a pair of horns on your head.


Message History

The white imp gestures at you. The puff of frost hits you!
You finish putting on your cursed amulet of inaccuracy.
Oops, that amulet feels deathly cold.
c - a cursed amulet of inaccuracy (around neck)
e - a ring of protection from fire (right hand)
Casting: Beastly Appendage (safe; 5% risk of failure)
Confirm with . or Enter, or press ? or * to list all spells.
You grow a pair of large bovine horns.
The white imp gestures at you. The puff of frost hits you!
Okay, then.
Unknown command.
The white imp gestures at you. The puff of frost hits you!
* * * LOW HITPOINT WARNING * * *
The white imp puffs mist at you. The white imp gestures at you.
The puff of frost hits you!
You die...

###### #....# #.##.# ..
#<##.####..#
###@##........
######...#.........
...#...##..#.....#
#####.#.......#####.#
...#.............# #
######.#5.##.........#
........................
.#####....##.........###
####..#.........#


You could see a white imp.

Vanquished Creatures
  Sigmund (D:3)
  Terence (D:3)
  2 orc wizards (D:3)
  5 adders
  An adder skeleton (D:4)
  A worm (D:3)
  4 dart slugs
  8 leopard geckos
  4 orcs (D:3)
  6 giant cockroaches
  9 hobgoblins
  3 jackals (D:1)
  A ball python (D:3)
  4 bats
  3 frilled lizards
  6 goblins
  9 kobolds
  5 rats
73 creatures vanquished.

Vanquished Creatures (others)
  10 fungi (D:1)
10 creatures vanquished.

Grand Total: 83 creatures vanquished

Notes
Turn   | Place    | Note
-------+----------+-------------------------------------------
     0 | D:1      | kae the Tengu Transmuter began the quest for the Orb.
     0 | D:1      | Reached XP level 1. HP: 12/12 MP: 4/4
    54 | D:1      | Reached XP level 2. HP: 12/16 MP: 6/6
   785 | D:1      | Reached XP level 3. HP: 17/20 MP: 5/7
   790 | D:1      | Learned a level 3 spell: Spider Form
  1211 | D:2      | Found a faded altar of an unknown god.
  1314 | D:2      | Reached skill level 4 in Unarmed Combat
  1666 | D:2      | Reached XP level 4. HP: 26/26 MP: 6/8
  2302 | D:3      | Noticed Terence
  2321 | D:3      | Killed Terence
  2773 | D:3      | Gained mutation: You can fly continuously. [Tengu growth]
  2773 | D:3      | Reached XP level 5. HP: 16/30 MP: 6/9
  3057 | D:3      | Noticed Sigmund
  3185 | D:3      | Killed Sigmund
  3185 | D:3      | Reached skill level 5 in Unarmed Combat
  3185 | D:3      | Reached XP level 6. HP: 30/36 MP: 7/10
  3791 | D:3      | Found a runed translucent door.
  3792 | D:3      | Noticed Crazy Yiuf
  3871 | D:4      | Killed from afar by a white imp

Illustrated notes

Levels and vault maps discovered:
D:1:      minmay_arrival_plants_in_alcoves, layout_basic, hangedman_glass_teeth
D:2:      layout_basic, chequers_ecumenical_altar_simple_redux,
          minmay_pentomino_v2
D:3:      layout_rooms, uniq_terence, uniq_crazy_yiuf_cottage, uniq_sigmund
D:4:      layout_basic, serial_shops, shop, minivault_26

Skill      XL: |  1  2  3  4  5 |
---------------+----------------+-----
Transmutations | 2 3 |  3.5
Unarmed Combat | 4 5 |  5.3
Fighting       | 2 |  2.8
Dodging        | 3 |  3.5
Spellcasting   | |  2.0

Action                   |  1- 3 |  4- 6 || total
-------------------------+-------+-------++-------
Melee: Unarmed           |    86 |    92 ||   178
       Kick              |    22 |    15 ||    37
       Headbutt          |     5 |     9 ||    14
       Peck              |    10 |     3 ||    13
       Punch             |       |     1 ||     1
 Cast: Beastly Appendage |    17 |    16 ||    33
       Spider Form       |       |     2 ||     2
  Use: Potion            |       |     4 ||     4
 Stab: Sleeping          |     3 |     2 ||     5
Armor: Robe              |    15 |     4 ||    19
       Skin              |       |     8 ||     8
Dodge: Dodged            |    47 |    65 ||   112

Table legend: (Time is in decaauts)
 A = Elapsed time spent in this place.
 B = Non-inter-level travel time spent in this place.
 C = Inter-level travel time spent in this place.
 D = Time resting spent in this place.
 E = Time spent auto-exploring this place.
 F = Levels seen in this place.
 G = Mean time per level.
                   A        B        C        D        E       F      G
               +--------+--------+--------+--------+--------+-----+--------+
         Total |   3837 |   3747 |     90 |    463 |   2759 |   4 |  959.2 |
       Dungeon |   3837 |   3747 |     90 |    463 |   2759 |   4 |  959.2 |
               +--------+--------+--------+--------+--------+-----+--------+

Top non-repeatable levels by time:
     D:2: 1431 daAuts
     D:3: 1316 daAuts
     D:1: 1047 daAuts
     D:4: 42 daAuts
